 Dungeon Crawl Stone Soup version 0.30.1-4-g462c640d31 (webtiles) character file.

Game seed: 15128165752051798078

146 rvierbuc the Conjurer (level 4, -1/33 HPs)
             Began as a Demigod Conjurer on Aug 21, 2023.
             Slain by an orc
             ... wielding a +0 hand axe
              (4 damage)
             ... on level 3 of the Dungeon.
             The game lasted 00:09:09 (3549 turns).

rvierbuc the Conjurer (Demigod Conjurer)            Turns: 3549, Time: 00:09:11

Health: -1/33      AC:  2    Str: 14    XL:     4   Next: 79%
Magic:  1/10       EV: 12    Int: 24    God:
Gold:   158        SH:  0    Dex: 12    Spells: 7/8 levels left

rFire   + . .        (no weapon)
rCold   . . .        (no shield)
rNeg    . . .        u - +0 robe {rF+}
rPois   .            (no helmet)
rElec   .            (no cloak)
rCorr   .            (no gloves)
SInv    .            (no boots)
Will    .....        (no amulet)
Stlth   ++           g - +6 ring of strength
HPRegen 0.25/turn    (no ring)
MPRegen 0.12/turn

%: no passive effects
@: lethally poisoned (-1 -> -10)
A: high MP 1, forlorn, divine attributes
a: no special abilities


You were on level 3 of the Dungeon.
You visited 1 branch of the dungeon, and saw 4 of its levels.

You collected 158 gold pieces.

Inventory:

Missiles
 c - 12 poisoned darts
Armour
 a - a +0 robe
 o - a +0 tower shield
 u - a +0 robe of fire resistance (worn)
Jewellery
 g - a +6 ring of strength (left hand)
 n - a ring of protection from cold
Scrolls
 e - a scroll of fog {unknown}
 f - a scroll of vulnerability {unknown}
 h - 3 scrolls of immolation {unknown}
 i - 2 scrolls of brand weapon {unknown}
 k - 2 scrolls of enchant armour {unknown}
 p - 2 scrolls of identify {unknown}
 q - a scroll of teleportation {unknown}
 s - 2 scrolls of enchant weapon {unknown}
 t - a scroll of blinking {unknown}
Potions
 b - a potion of magic
 d - a potion of flight {unknown}
 l - a potion of attraction {unknown}
 m - a potion of lignification {unknown}
 r - a potion of cancellation {unknown}
 v - a potion of degeneration {unknown}
 w - a potion of mutation {unknown}


   Skills:
 + Level 1.9 Dodging
 + Level 2.4 Stealth
 + Level 2.5 Spellcasting
 + Level 5.0 Conjurations


You had 7 spell levels left.
You knew the following spells:

 Your Spells              Type           Power      Damage    Failure   Level
a - Magic Dart            Conj           100%       1d8       1%          1

Your spell library contained the following spells:

 Spells                   Type           Power      Damage    Failure   Level
 Searing Ray              Conj           54%        2d6       2%          2
 Apportation              Tloc           6%         N/A       12%         1
 Dazzling Flash           Conj/Hex       30%        N/A       12%         3
 Ensorcelled Hibernation  Hex/Ice        6%         N/A       17%         2
 Passwall                 Tmut/Erth      2%         N/A       17%         2
 Scorch                   Fire           6%         2d5       17%         2
 Swiftness                Air            3%         N/A       34%         3
 Flame Wave               Conj/Fire      15%        2d7       36%         4
 Fulminant Prism          Conj/Hex       7%         3d6       36%         4
 Iskenderun's Mystic Bla  Conj/Tloc      15%        2d5       36%         4
 Summon Cactus Giant      Summ           1%         N/A       100%        6


Dungeon Overview and Level Annotations

Branches:
Dungeon (4/15)
 Temple: D:4-7

Annotations:
D:3 2 transporters


Innate Abilities, Weirdness & Mutations

You have an increased reservoir of magic. (+10% MP)
You shall have no god before yourself.
Your divine heritage dramatically boosts your attributes as you level up.


Message History

The magic dart hits the scorpion but does no damage.
The scorpion is almost dead.
The scorpion closely misses you. The orc barely misses you.
The magic dart hits the scorpion but does no damage.
The scorpion is almost dead.
The scorpion misses you. The orc hits you with a +0 hand axe.
The magic dart hits the scorpion but does no damage.
The scorpion is almost dead.
The scorpion stings you.
You are poisoned.
The scorpion poisons you! The orc barely misses you. The scorpion stings you!
You are more poisoned.
The scorpion poisons you!
You are too injured to fight recklessly!
You feel much better.
You feel very sick. The orc closely misses you.
The scorpion stings you but does no damage.
You are out of magic!
Unknown command.
Casting: Magic Dart (safe; 1% risk of failure)
Confirm with . or Enter, or press ? or * to list all spells.
Okay, then.
You are out of magic!
You completely miss the scorpion.
The scorpion is almost dead.
You feel very sick. The orc hits you with a +0 hand axe.
The scorpion barely misses you.
You hit the scorpion but do no damage.
The scorpion is almost dead.
You feel very sick. The scorpion stings you.
The orc hits you with a +0 hand axe.
* * * LOW HITPOINT WARNING * * *
You closely miss the scorpion.
The scorpion is almost dead.
* * * LOW HITPOINT WARNING * * *
You feel sick. The scorpion stings you.
* * * LOW HITPOINT WARNING * * *
The orc hits you with a +0 hand axe.
You die...

#...................#
#.###.#.###########.#
#.....#.#........##.#
#..####.#.#####.###.#
#..##...........###.#
######..##.#.#.#.........#
###.......##.#.#.#.#########
..........##.#.#o#.#
..#........#.#.#@#.########
..#........#.#.#s#.#......#####
..#....#...#.#.#o#.#.####.....#
########...#...#.#.#.# #.....#
#......#####.#.#.# #.....#
#.##...# #.#.#.####.....#
#......# #........#.....#
#.#....# ###.####.#####.#
#.#.#.## #.#..#.# #.#


You could see a scorpion and 2 orcs.

Vanquished Creatures
  Jessica (D:2)
  6 adders
  2 dart slugs (D:1)
  2 orcs
  5 ball pythons
  6 endoplasms
  4 giant cockroaches
  8 goblins
  4 hobgoblins
  2 kobolds
  A quokka (D:2)
  6 bats
  4 frilled lizards
  6 rats
57 creatures vanquished.

Notes
Turn   | Place    | Note
-------+----------+-------------------------------------------
     0 | D:1      | rvierbuc the Demigod Conjurer began the quest for the Orb.
     0 | D:1      | Reached XP level 1. HP: 14/14 MP: 5/5
   224 | D:1      | Reached skill level 4 in Conjurations
   316 | D:1      | Reached XP level 2. HP: 15/20 MP: 2/7
  1213 | D:2      | Reached XP level 3. HP: 26/26 MP: 4/8
  1887 | D:2      | Noticed Jessica
  1890 | D:2      | Killed Jessica
  1891 | D:2      | Reached XP level 4. HP: 33/33 MP: 7/10
  1906 | D:2      | Got Jessica's Octavo of Location
  2242 | D:3      | Found a transporter.
  2487 | D:3      | Found a transporter.
  2519 | D:3      | Reached skill level 5 in Conjurations
  3549 | D:3      | Slain by an orc

Illustrated notes

Levels and vault maps discovered:
D:1:      dpeg_arrival_long_road, layout_basic, serial_forest,
          infiniplex_forest_lined_3_way, infiniplex_forest_end_2,
          infiniplex_forest_clump_tiny, infiniplex_forest_clump_double,
          infiniplex_forest_clump_cross, infiniplex_forest_lined_2
D:2:      layout_basic, ebering_ecumenical_altar_hall, kennysheep_jessica_study
D:3:      gammafunk_steamed_eel, layout_basic, mainiacjoe_overflow_brackets,
          gammafunk_temple_overflow_statue, st_stairs_2, minmay_crystal_room,
          eino_curves_01, grunt_decor_arrowhead
D:4:      layout_rooms, tgw_fedhas, kiku_gazebo_garden_becter, minitemple,
          serial_aquarium, aquarium_bridge_long_separate
          [aquarium_subvault_bridge, aquarium_subvault_wall,
          aquarium_subvault_window, aquarium_subvault_bridge,
          aquarium_subvault_bridge, aquarium_subvault_bridge],
          aquarium_window_corner, aquarium_window_3, aquarium_view_2b,
          aquarium_pool_2, uniq_ijyb, uniq_pikel, uniq_edmund, uniq_robin

Skill      XL: |  1  2  3  4 |
---------------+-------------+-----
Conjurations   | 4 5 |  5.0
Spellcasting   | 2 |  2.5
Stealth        | 2 |  2.4
Dodging        | |  1.9

Action                     |  1- 3 |  4- 6 || total
---------------------------+-------+-------++-------
  Melee: Unarmed           |     1 |     6 ||     7
   Cast: Magic Dart        |    76 |    54 ||   130
    Use: Potion            |       |     2 ||     2
 Armour: Robe              |     1 |     1 ||     2
  Dodge: Dodged            |     9 |    26 ||    35
